 Dungeon Sprint DCSS version 0.23.0 (webtiles) character file.

Game seed: 15535088463637676441

45243 Kairos the Severer (level 14, -4/125 HPs)
             Began as a Formicid Fighter on Feb 12, 2019.
             Was the Champion of Qazlal.
             Slain by Labuory the pandemonium lord (22 damage)
             ... in the Dungeon (Sprint V: "Ziggurat Sprint").
             The game lasted 00:15:29 (2443 turns).

Kairos the Severer (Formicid Fighter)               Turns: 2443, Time: 00:15:30

Health: -4/125     AC: 38    Str: 38    XL:     14   Next: 70%
Magic:  4/28       EV:  5    Int:  8    God:    Qazlal [******]
Gold:   0          SH: 44    Dex: 10    Spells: 29/34 levels left

rFire    + . .     SeeInvis +   E - +14 obsidian axe {chop, +Fly SInv *Curse} (curse)
rCold    + . .     Gourm    .   G - +18 shield of the Gong {rElec rN+ MR+ EV-5}
rNeg     + . .     Faith    .   F - +15 Maxwell's patent armour {-Cast -Tele rElec MR+ rCorr}
rPois    +         Spirit   .   (helmet unavailable)
rElec    +         Reflect  +   (no cloak)
rCorr    +         Harm     .   (no gloves)
MR       +++..     NoCast   +   N - +2 pair of boots {run}
Stlth    ..........             P - +5 amulet of reflection
HPRegen  0.30/turn              y - +6 ring of strength
MPRegen  0.21/turn              x - +6 ring of strength

@: resistant, protected from physical damage, mesmerised, studying Crossbows,
repel missiles, quick
A: permanent stasis, dig shafts and tunnels, four strong arms, antennae 3
a: Dig, Upheaval, Elemental Force, Disaster Area, Renounce Religion, Evoke
Flight


You were in the Dungeon.
You worshipped Qazlal.
Qazlal was exalted by your worship.
You were not hungry.

You visited 1 branch

Inventory:

Hand Weapons
 h - a +2 demon whip of draining
 v - the +7 sceptre of Torment {pain, torment}
   (You found it in the Dungeon)

   In the hands of one skilled in necromantic magic, it inflicts extra damage on
   living creatures.
 A - a +5 executioner's axe of venom
 B - a +5 demon whip
 D - the +9 heavy crossbow "Sniper" {velocity, Acc+∞ SInv}
   (You found it in the Dungeon)

   Any bolt fired from it inflicts extra damage.
   It lets you see invisible.
 E - the cursed +14 obsidian axe (weapon) {chop, +Fly SInv *Curse}
   (You found it in the Dungeon)

   It inflicts extra damage upon your enemies.
   It lets you see invisible.
   It lets you fly.
   It curses itself when equipped.
   It has a curse placed upon it.
 H - the +7 great mace "Firestarter" {inner flame, rF++}
   (You found it in the Dungeon)

   It has been specially enchanted to burn those struck by it, causing extra
   injury to most foes and up to half again as much damage against particularly
   susceptible opponents.
   It greatly protects you from fire.
 I - the +8 lance "Wyrmbane" {slay drac, rPois rF+ rC+ AC+3}
   (You found it in the Dungeon)

   It affects your AC (+3).
   It protects you from fire.
   It protects you from cold.
   It protects you from poison.
Missiles
 C - 1053 bolts
Armour
 z - +5 gold dragon scales
 F - the +15 Maxwell's patent armour (worn) {-Cast -Tele rElec MR+ rCorr}
   (You found it in the Dungeon)

   It insulates you from electricity.
   It affects your resistance to hostile enchantments.
   It prevents spellcasting.
   It prevents most forms of teleportation.
   It provides partial protection from all sources of acid and corrosion.
 G - the +18 shield of the Gong (worn) {rElec rN+ MR+ EV-5}
   (You found it in the Dungeon)

   It affects your evasion (-5).
   It insulates you from electricity.
   It protects you from negative energy.
   It affects your resistance to hostile enchantments.
 N - a +2 pair of boots of running (worn)
Jewellery
 o - the cursed ring of Xom's Ringing Laughter {rF+ rN+ Dex-2}
   (You found it in the Dungeon)

   [ring of dexterity]

   It affects your dexterity (-2).
   It protects you from fire.
   It protects you from negative energy.
   It has a curse placed upon it.
 x - a +6 ring of strength (right hand)
 y - a +6 ring of strength (left hand)
 J - the ring of Shadows {Umbra +Inv Stlth+}
   (You found it in the Dungeon)

   [ring of stealth]

   It lets you turn invisible.
   It makes you more stealthy.
 L - an uncursed ring of protection from magic
 P - a +5 amulet of reflection (around neck)
 T - an uncursed ring of protection from cold
Wands
 q - a wand of disintegration (7)
 r - a wand of iceblast (7)
 s - a wand of acid (7)
Scrolls
 a - 4 scrolls of amnesia
 b - 6 scrolls of fog
 c - 2 scrolls of holy word
 j - 5 scrolls of remove curse
 k - 2 scrolls of fear
 t - 4 scrolls of enchant weapon
Potions
 d - 5 potions of might
 e - 10 potions of curing
 g - 4 potions of heal wounds
 i - 7 potions of magic
 l - 2 potions of brilliance
 m - 2 potions of invisibility
 n - 3 potions of resistance
 p - 6 potions of agility
 Q - a potion of flight {unknown}
Books
 O - a manual of Crossbows
Miscellaneous
 S - a box of beasts
Comestibles
 f - 7 rations


   Skills:
 + Level 16.0 Fighting
 + Level 20.3(21.3) Axes
 + Level 12.4(17.6) Maces & Flails
 + Level 14.3 Armour
 + Level 3.8 Dodging
 - Level 9.2 Shields
 + Level 10.7 Spellcasting
 + Level 1.4 Hexes
 + Level 0.8 Air Magic
 + Level 10.6 Invocations


You had 29 spell levels left.
You knew the following spells:

 Your Spells              Type           Power        Failure   Level  Hunger
a - Silence               Hex/Air        #.........   100%        5    ######.

Your spell library contained the following spells:

 Spells                   Type           Power        Failure   Level  Hunger
 Confusing Touch          Hex            #.....       32%         1    None
 Corona                   Hex            #......      32%         1    None
 Slow                     Hex            #.......     43%         2    #......
 Animate Skeleton         Necr           N/A          50%         1    None
 Apportation              Tloc           #.....       50%         1    None
 Beastly Appendage        Tmut           #.....       50%         1    None
 Infusion                 Chrm           #...         50%         1    None
 Magic Dart               Conj           #...         50%         1    None
 Pain                     Necr           #...         50%         1    None
 Summon Butterflies       Summ           #.......     50%         1    None
 Summon Small Mammal      Summ           #...         50%         1    None
 Ensorcelled Hibernation  Hex/Ice        #.....       54%         2    #......
 Poisonous Vapours        Pois/Air       #.....       58%         2    #......
 Swiftness                Chrm/Air       #.......     58%         2    #......
 Call Imp                 Summ           #.......     65%         2    #......
 Shroud of Golubria       Chrm/Tloc      #.........   65%         2    #......
 Song of Slaying          Chrm           #.......     65%         2    #......
 Sticks to Snakes         Tmut           #.......     65%         2    #......
 Sublimation of Blood     Necr           #.........   65%         2    #......
 Confuse                  Hex            #.......     67%         3    ###....
 Tukima's Dance           Hex            #.......     67%         3    ###....
 Dazzling Spray           Conj/Hex       #.....       78%         3    ###....
 Spectral Weapon          Hex/Chrm       #.......     78%         3    ###....
 Mephitic Cloud           Conj/Pois/Air  #.......     83%         3    ###....
 Call Canine Familiar     Summ           #.......     86%         3    ###....
 Conjure Flame            Conj/Fire      #.......     86%         3    ###....
 Ignite Poison            Fire/Tmut/Pois #.......     86%         3    ###....
 Regeneration             Chrm/Necr      #.........   86%         3    ###....
 Spider Form              Tmut/Pois      #.........   86%         3    ###....
 Cause Fear               Hex            #.........   97%         4    ####...
 Ice Form                 Ice/Tmut       #.......     99%         4    ####...
 Iskenderun's Mystic Bla  Conj           #.......     99%         4    ####...
 Petrify                  Tmut/Erth      #.......     99%         4    ####...
 Summon Ice Beast         Ice/Summ       #.......     99%         4    ####...
 Agony                    Necr           #.......     100%        5    ######.
 Alistair's Intoxication  Tmut/Pois      #.......     100%        5    ######.
 Aura of Abjuration       Summ           #.........   100%        5    ######.
 Blade Hands              Tmut           #.........   100%        5    ######.
 Bolt of Draining         Conj/Necr      #.........   100%        5    ######.
 Borgnjor's Vile Clutch   Necr/Erth      #.........   100%        5    ######.
 Dispel Undead            Necr           #.......     100%        5    ######.
 Excruciating Wounds      Chrm/Necr      #.........   100%        5    ######.
 Fireball                 Conj/Fire      #.........   100%        5    ######.
 Irradiate                Conj/Tmut      #.........   100%        5    ######.
 Lightning Bolt           Conj/Air       #.........   100%        5    ######.
 Summon Forest            Summ/Tloc      #.........   100%        5    ######.
 Summon Mana Viper        Hex/Summ       #.......     100%        5    ######.
 Yara's Violent Unravell  Hex/Tmut       #.........   100%        5    ######.
 Bolt of Fire             Conj/Fire      #.........   100%        6    #######
 Darkness                 Hex            #.........   100%        6    #######
 Death Channel            Necr           #.........   100%        6    #######
 Deflect Missiles         Chrm/Air       #.........   100%        6    #######
 Freezing Cloud           Conj/Ice/Air   #.........   100%        6    #######
 Hydra Form               Tmut           #.........   100%        6    #######
 Iron Shot                Conj/Erth      #.........   100%        6    #######
 Shadow Creatures         Summ           N/A          100%        6    #######
 Simulacrum               Ice/Necr       #.........   100%        6    #######
 Malign Gateway           Summ/Tloc      #.........   100%        7    #######
 Monstrous Menagerie      Summ           #.........   100%        7    #######
 Ring of Flames           Chrm/Fire      #.........   100%        7    #######
 Spellforged Servitor     Conj/Summ      #.........   100%        7    #######
 Summon Greater Demon     Summ           #.........   100%        7    #######
 Summon Hydra             Summ           #.........   100%        7    #######
 Discord                  Hex            #.........   100%        8    #######
 Summon Horrible Things   Summ           #.........   100%        8    #######
 Blink                    Tloc           Unusable     N/A         2    N/A

Dungeon Overview and Level Annotations

Branches:
Dungeon (1/1)

Altars:
Ashenzari
Cheibriados
Dithmenos
Elyvilon
Fedhas
Gozag
Hepliaklqana
Kikubaaqudgha
Makhleb
Nemelex Xobeh
Okawaru
Qazlal
Ru
Sif Muna
Trog
Uskayaw
Vehumet
Wu Jian
Xom
Yredelemnul
Zin
The Shining One
Beogh
Jiyva
Lugonu

Annotations:
D 1 transporter


Innate Abilities, Weirdness & Mutations

You cannot be hasted, slowed, berserked, paralysed or teleported.
You can dig through walls and to a lower floor.
Your four strong arms can wield two-handed weapons with a shield.
You have a pair of large antennae on your head. (SInv)


Message History

GONNNNG!
You block the orange demon's attack.
PANG!
You block the chaos spawn's attack.
GONNNNG!
Labuory completely misses you.
Hoschehic is engulfed in freezing vapours.
You block Hoschehic's attack.
BOUMMMMG!
The Hell Sentinel gestures at you. The iron shot hits you!!!
* * * LOW HITPOINT WARNING * * *
You block Yphi's attack.
SHROANNG!
You block Geydozyrgh's attack.
PTOANNNG!
You feel protected.
Visions of slaying the Hell Sentinel flood into your mind.
Labuory hits you!!
You die...

▓▓▓▓▓▓▓▓▓▓
▓.....8©8.....▓....8©8..
▓..})):=||:...▓..}..).|[
▓...[)))=)[...▓..."[.).)
▓....≈..≈.....▓.....=...
▓......4≈.≈...▓.........
▓...≈32&4≈.≈b.▓.........
▓..≈..&1&4≈...▓.........
▓...≈44@&°....▓..▓.....▓
▓..▓...&○..▓..▓.▓.▓...▓.
▓ ▓.▓..§≈.▓.▓ ▓..▓.....▓
▓..▓.......▓..▓.....©...
▓.............▓▓▓▓▓▓▓▓▓▓
▓....b.©......▓...≈8©8..
▓▓▓▓▓▓▓▓▓▓▓▓▓▓▓≈.|)}[}|)
▓≈.≈≈≈≈≈≈≈ {


{{{{{{{{{ ▓≈...≈...≈ You could see Geydozyrgh, Hoschehic, Labuory, Xixzeoj,
Yphi, a Hell Sentinel, a blizzard demon, an orange demon, a hellwing, 2 ice
devils, a smoke demon and a chaos spawn.

Vanquished Creatures
  Saint Roka (D)
  Frances (D)
  Kirke (D)
  Agnes (D)
  Azrael (D)
  A spark wasp (D)
  A blizzard demon (D)
  A mummy priest (D)
  2 merfolk javelineers (D)
  4 merfolk impalers (D)
  Harold (D)
  2 ice dragons (D)
  A centaur warrior (D)
  A merfolk aquamancer (D)
  A hell hog (D)
  2 sixfirhies (D)
  A sea snake (D)
  2 orb spiders (D)
  A manticore (D)
  An eye of devastation (D)
  3 yaktaurs (D)
  A hellion (D)
  2 freezing wraiths (D)
  A komodo dragon (D)
  A rime drake (D)
  An ice devil (D)
  A merfolk (D)
  A slime creature (D)
  A hornet (D)
  A snapping turtle (D)
  2 redbacks (D)
  4 wraiths (D)
  A water elemental (D)
  2 tarantellas (D)
  A ynoxinul (D)
  A hell hound (D)
  A water moccasin (D)
  2 floating eyes (D)
  3 orc warriors (D)
  A swamp drake (D)
  An ice beast (D)
  2 centaurs (D)
  A bullfrog (D)
  A wight (D)
  4 orc wizards (D)
  7 orc priests (D)
  A jelly (D)
  Jessica (D)
  Terence (D)
  An iguana (D)
  3 mummies (D)
  2 adders (D)
  A river rat (D)
  3 white imps (D)
  An ooze (D)
  An adder skeleton (D)
  2 adder zombies (D)
  8 orcs (D)
  2 bat zombies (D)
  A ball python (D)
  A giant cockroach zombie (D)
  A jackal skeleton (D)
  A jackal zombie (D)
  A quokka skeleton (D)
106 creatures vanquished.

Vanquished Creatures (collateral kills)
  Polyphemus (D)
  A merfolk aquamancer (D)
  An orb spider (D)
  An eye of devastation (D)
  Purgy (D)
  A necrophage (D)
  A bullfrog (D)
  An orc priest (D)
  An orc wizard (D)
  A river rat (D)
10 creatures vanquished.

Vanquished Creatures (others)
  A hornet (D)
1 creature vanquished.

Grand Total: 117 creatures vanquished

Notes
Turn   | Place    | Note
-------+----------+-------------------------------------------
     0 | D        | Found the +6 Majin-Bo {vamp, Archmagi MP+6 Int+6}
     0 | D        | Found the +7 great mace "Firestarter" {inner flame, rF++}
     0 | D        | Kairos the Formicid Fighter began the quest for the Orb.
     0 | D        | Reached XP level 1. HP: 18/18 MP: 1/1
     0 | D        | Found a deep blue altar of Sif Muna.
     0 | D        | Found a bloodstained altar of Trog.
     0 | D        | Found a sacrificial altar of Ru.
     0 | D        | Found a stormy altar of Qazlal.
     0 | D        | Found an iron altar of Okawaru.
     1 | D        | Found a sparkling altar of Nemelex Xobeh.
     1 | D        | Found a blossoming altar of Fedhas.
    21 | D        | Found a transporter.
    21 | D        | Found an ancient bone altar of Kikubaaqudgha.
    21 | D        | Found a viscous altar of Jiyva.
    21 | D        | Found a corrupted altar of Lugonu.
    21 | D        | Found a hazy altar of Hepliaklqana.
    21 | D        | Found a burning altar of Makhleb.
    21 | D        | Found an opulent altar of Gozag.
    72 | D        | Found the +9 heavy crossbow "Sniper" {velocity, Acc+∞ SInv}
    72 | D        | Found the +10 dark maul {crush}
    72 | D        | Found the +15 Maxwell's patent armour {-Cast -Tele rElec
                  | MR+ rCorr}
    72 | D        | Found the +18 shield of the Gong {rElec rN+ MR+ EV-5}
    72 | D        | Found the cursed +14 obsidian axe {chop, +Fly SInv *Curse}
    74 | D        | Found the +6 shillelagh "Devastator" {shatter}
    74 | D        | Found the +11 plutonium sword {*Contam Stlth-}
    74 | D        | Found the +8 lance "Wyrmbane" {slay drac, rPois rF+ rC+
                  | AC+3}
    74 | D        | Found the +9 sword of Zonguldrok {reap}
    74 | D        | Found the cursed +13 scythe of Curses {drain, *Curse}
    74 | D        | Found the +0 sword of Power
    74 | D        | Found the +7 mace of Variability {chain chaos}
    74 | D        | Found the +7 Singing Sword {slice, sonic wave}
    74 | D        | Found the +7 longbow "Piercer" {penet, EV-2}
    91 | D        | Became a worshipper of Qazlal Stormbringer
   123 | D        | Entered arena 2.
   123 | D        | Noticed a rime drake
   123 | D        | Noticed a swamp drake
   123 | D        | Found a transporter.
   132 | D        | Killed a swamp drake
   132 | D        | Reached skill level 5 in Fighting
   132 | D        | Reached skill level 5 in Armour
   132 | D        | Reached skill level 5 in Shields
   132 | D        | Reached XP level 2. HP: 27/27 MP: 1/4
   132 | D        | Reached XP level 3. HP: 33/33 MP: 1/5
   132 | D        | Reached XP level 4. HP: 39/39 MP: 1/6
   140 | D        | Killed a rime drake
   140 | D        | Reached skill level 3 in Axes
   140 | D        | Reached XP level 5. HP: 48/48 MP: 1/9
   140 | D        | Reached XP level 6. HP: 55/55 MP: 1/10
   152 | D        | Learned a level 5 spell: Silence
   154 | D        | Entered arena 3.
   154 | D        | Found a transporter.
   159 | D        | Reached * piety under Qazlal
   164 | D        | Reached XP level 7. HP: 33/61 MP: 4/12
   167 | D        | Reached skill level 5 in Maces & Flails
   388 | D        | Entered arena 4.
   388 | D        | Noticed a water moccasin
   388 | D        | Found a transporter.
   401 | D        | Killed a water moccasin
   401 | D        | Reached ** piety under Qazlal
   401 | D        | Reached skill level 4 in Axes
   408 | D        | Entered arena 5.
   408 | D        | Found a transporter.
   412 | D        | Reached *** piety under Qazlal
   489 | D        | Entered arena 6.
   489 | D        | Noticed a mummy priest
   489 | D        | Found a transporter.
   490 | D        | Found the +7 sceptre of Torment {pain, torment}
   494 | D        | Killed a mummy priest
   494 | D        | Reached **** piety under Qazlal
   494 | D        | Reached skill level 5 in Axes
   494 | D        | Reached skill level 1 in Dodging
   494 | D        | Reached skill level 10 in Invocations
   494 | D        | Reached XP level 8. HP: 36/71 MP: 13/15
   494 | D        | Noticed a reaper
   509 | D        | Got Advanced Witchcraft
   511 | D        | Got Sif Muna's Collected Works on Weightlessness
   513 | D        | Got Sif Muna's Handbook of Hexes and Conjuration
   755 | D        | Entered arena 7.
   755 | D        | Noticed a yaktaur
   755 | D        | Noticed a yaktaur
   755 | D        | Noticed a centaur warrior
   755 | D        | Noticed a yaktaur
   756 | D        | Found a transporter.
   760 | D        | Reached ***** piety under Qazlal
   760 | D        | Reached XP level 9. HP: 77/77 MP: 16/16
   761 | D        | Killed a yaktaur
   761 | D        | Reached skill level 6 in Axes
   761 | D        | Reached skill level 10 in Maces & Flails
   762 | D        | Killed a centaur warrior
   762 | D        | Reached skill level 10 in Fighting
   762 | D        | Reached skill level 7 in Axes
   763 | D        | Killed a yaktaur
   763 | D        | Reached skill level 10 in Armour
   765 | D        | Killed a yaktaur
   765 | D        | Reached skill level 8 in Axes
   765 | D        | Reached XP level 10. HP: 85/85 MP: 17/17
   808 | D        | Entered arena 8.
   808 | D        | Noticed a komodo dragon
   809 | D        | Found a transporter.
   814 | D        | Killed a komodo dragon
   816 | D        | Reached ****** piety under Qazlal
   820 | D        | Got the Handbook of Necromancy
   836 | D        | Entered arena 9.
   836 | D        | Noticed an eye of devastation
   836 | D        | Noticed an eye of devastation
   837 | D        | Found a transporter.
   839 | D        | Reached skill level 9 in Axes
   841 | D        | Killed an eye of devastation
   843 | D        | Killed an eye of devastation
   843 | D        | Reached skill level 10 in Axes
  1113 | D        | Entered arena 10.
  1114 | D        | Found the ring of Shadows {Umbra +Inv Stlth+}
  1126 | D        | Found a transporter.
  1298 | D        | Entered arena 11.
  1310 | D        | Found a transporter.
  1333 | D        | Got Sif Muna's Handbook of Stolen Souls
  1441 | D        | Entered arena 12.
  1441 | D        | Noticed an orb spider
  1441 | D        | Noticed a spark wasp
  1441 | D        | Noticed an orb spider
  1442 | D        | Noticed an orb spider
  1446 | D        | Reached skill level 11 in Axes
  1447 | D        | Killed a spark wasp
  1447 | D        | Reached skill level 12 in Axes
  1447 | D        | Reached XP level 11. HP: 94/94 MP: 18/18
  1454 | D        | Reached skill level 13 in Axes
  1456 | D        | Found a transporter.
  1459 | D        | Killed an orb spider
  1465 | D        | Killed an orb spider
  1469 | D        | Killed an orb spider
  1469 | D        | Reached skill level 14 in Axes
  1484 | D        | Identified a +1 pair of boots of running (You found it in
                  | the Dungeon)
  1533 | D        | Entered arena 13.
  1533 | D        | Noticed Harold
  1533 | D        | Noticed Purgy
  1533 | D        | Noticed Agnes
  1533 | D        | Noticed Jessica
  1533 | D        | Noticed Terence
  1533 | D        | Noticed Kirke
  1533 | D        | Noticed Frances
  1534 | D        | Noticed Polyphemus
  1534 | D        | Noticed Azrael
  1535 | D        | Noticed Saint Roka
  1539 | D        | Noticed a lindwurm
  1544 | D        | Killed Agnes
  1548 | D        | Killed Azrael
  1548 | D        | Reached skill level 15 in Axes
  1550 | D        | Killed Kirke
  1550 | D        | Reached XP level 12. HP: 59/105 MP: 19/19
  1553 | D        | Killed Terence
  1554 | D        | Killed Harold
  1554 | D        | Reached skill level 16 in Axes
  1554 | D        | Reached skill level 5 in Spellcasting
  1555 | D        | Noticed a sun demon
  1556 | D        | Killed Purgy
  1556 | D        | Killed Polyphemus
  1557 | D        | Killed Frances
  1557 | D        | Reached skill level 17 in Axes
  1558 | D        | Killed Jessica
  1559 | D        | Killed Saint Roka
  1562 | D        | Found a transporter.
  1880 | D        | Entered arena 14.
  1881 | D        | Noticed a hell hog
  1893 | D        | Killed a hell hog
  1893 | D        | Reached skill level 18 in Axes
  1904 | D        | Found a transporter.
  1921 | D        | Identified a +2 pair of boots of running (You found it in
                  | the Dungeon)
  2022 | D        | Entered arena 15.
  2022 | D        | Noticed a merfolk impaler
  2022 | D        | Noticed a merfolk aquamancer
  2022 | D        | Noticed a merfolk impaler
  2022 | D        | Noticed a sea snake
  2023 | D        | Noticed a merfolk javelineer
  2023 | D        | Noticed a merfolk impaler
  2024 | D        | Noticed a merfolk javelineer
  2027 | D        | Noticed a merfolk aquamancer
  2030 | D        | Killed a sea snake
  2031 | D        | Noticed a merfolk impaler
  2035 | D        | Killed a merfolk impaler
  2035 | D        | Reached XP level 13. HP: 100/114 MP: 25/25
  2041 | D        | Killed a merfolk javelineer
  2054 | D        | Killed a merfolk impaler
  2054 | D        | Reached skill level 19 in Axes
  2057 | D        | Killed a merfolk javelineer
  2061 | D        | Reached skill level 15 in Fighting
  2067 | D        | Killed a merfolk impaler
  2070 | D        | Killed a merfolk impaler
  2070 | D        | Reached skill level 10 in Spellcasting
  2082 | D        | Found a transporter.
  2092 | D        | Got the Tome of Supportive Aid
  2095 | D        | Got Sif Muna's Incunabulum of Burning Transformation
  2193 | D        | Entered arena 16.
  2193 | D        | Noticed an ice dragon
  2195 | D        | Reached skill level 1 in Hexes
  2195 | D        | Reached XP level 14. HP: 123/123 MP: 28/28
  2212 | D        | Reached skill level 20 in Axes
  2215 | D        | Found a transporter.
  2316 | D        | Got the cursed ring of Xom's Ringing Laughter {rF+ rN+
                  | Dex-2}
  2426 | D        | Entered arena 17.
  2429 | D        | Noticed a Hell Sentinel
  2429 | D        | Noticed Labuory the pandemonium lord
  2430 | D        | Noticed Geydozyrgh the pandemonium lord
  2430 | D        | Noticed Hoschehic the pandemonium lord
  2431 | D        | Found the +8 autumn katana {slice, Clar}
  2431 | D        | Found the +2 pair of boots of the Assassin {Detection Stab+
                  | Stlth++}
  2431 | D        | Noticed Xixzeoj the pandemonium lord
  2431 | D        | Noticed Yphi the pandemonium lord
  2432 | D        | Found a transporter.
  2443 | D        | Slain by Labuory the pandemonium lord

Skill      XL: |  1  2  3  4  5  6  7  8  9 10 11 12 13 14 |
---------------+-------------------------------------------+-----
Fighting       | 5 7 9 10 11 13 14 15 16 | 16.0
Maces & Flails | 2 4 8 9 11 12 | 12.4
Armour         | 5 6 7 8 9 10 11 12 13 14 | 14.3
Shields        | 5 8 9 |  9.2
Invocations    | 3 6 7 10 | 10.6
Axes           | 3 5 8 12 15 18 19 20 | 20.3
Dodging        | 1 2 3 |  3.8
Spellcasting   | 4 8 10 | 10.7
Hexes          | 1 |  1.4
Air Magic      | |  0.8

Action                   |  1- 3 |  4- 6 |  7- 9 | 10-12 | 13-15 || total
-------------------------+-------+-------+-------+-------+-------++-------
Melee: Demon whip        |     8 |    12 |    24 |       |       ||    44
       Broad axe         |       |       |    14 |    88 |    58 ||   160
Invok: Disaster Area     |       |       |       |       |     2 ||     2
 Abil: Evoke Flight      |       |       |       |       |     1 ||     1
  Use: Potion            |       |       |       |     5 |     4 ||     9
       Scroll            |       |       |       |     1 |     1 ||     2
 Stab: Confused          |       |     1 |       |       |       ||     1
  Eat: Chunk             |       |       |       |     3 |       ||     3
       Ration            |       |       |       |       |     1 ||     1
Armor: Plate armour      |     1 |     3 |    13 |    12 |    26 ||    55
Dodge: Dodged            |       |       |     5 |     6 |     6 ||    17
Block: Shield            |     8 |     9 |    60 |    88 |   115 ||   280
